Map: Blackpink LE

Players

PMLee

  • Race: Terran Terran
  • League: Master
  • Spawn Location: 1:00

Ascarecroww - Winner!

  • Race: Zerg Zerg
  • League: Master
  • Spawn Location: 7:00

VOD

Have the link to the VOD?

Description

Time

  • Played on: Feb. 11, 2018, 8:21 a.m.
  • Length: 8:04
Show
View Real Time Build Order
Export as new Build Order

PMLee Terran 

Build Orders:  

Get SALT Encoding   

  12  0:00  SCV  
  13  0:13  SCV  
  14  0:18  Supply Depot  
  14  0:25  SCV  
  15  0:40  SCV  
  15  0:41  Barracks  
  16  0:52  SCV  
  17  1:04  SCV  
  18  1:14  Command Center  
  18  1:18  SCV  
  19  1:29  Marine  
  19  1:31  Orbital Command  
  20  1:37  Supply Depot  
  20  1:47  Marine  
  21  1:57  SCV  
  21  2:00  Barracks  
  22  2:04  Barracks  
  22  2:05  Marine  
  23  2:09  SCV  
  23  2:12  Refinery  
  24  2:16  Refinery  
  24  2:22  Marine, SCV  
  26  2:45  Marine  
  27  2:52  Orbital Command  
  27  3:00  Engineering Bay  
  27  3:01  Engineering Bay  
  27  3:04  Refinery  
  28  3:05  SCV  
  28  3:07  Barracks Reactor  
  28  3:10  Barracks Tech Lab  
  28  3:11  Barracks Reactor  
  28  3:17  SCV  
  28  3:18  SCV  
  30  3:29  SCV  
  30  3:30  SCV  
  30  3:32  Marauder  
  29  3:42  SCV x2  
  29  3:44  Marine x2  
  29  3:47  Stimpack  
  30  3:53  Marauder  
  30  3:54  SCV  
  29  4:02  Marine  
  30  4:08  Marine x2  
  30  4:10  SCV x2  
  30  4:16  Terran Infantry Armor Level 1, Terran Infantry Weapons Level 1  
  32  4:21  Marine x2  
  34  4:24  SCV  
  34  4:26  SCV  
  34  4:29  Marine x2  
  38  4:33  Marauder  
  38  4:36  SCV  
  38  4:38  SCV  
  42  4:44  Supply Depot  
  42  4:48  Factory  
  42  4:50  SCV  
  43  4:53  Marine x2  
  45  5:04  Supply Depot  
  45  5:05  Supply Depot  
  45  5:06  Marauder  
  47  5:10  Supply Depot  
  47  5:12  SCV  
  47  5:14  SCV  
  49  5:18  Marine x2  
  49  5:19  Marine  
  49  5:20  Marine  
  53  5:24  SCV  
  53  5:26  SCV  
  55  5:31  Supply Depot  
  55  5:35  Marauder  
  57  5:36  SCV  
  57  5:39  Starport  
  57  5:41  Factory Reactor  
  58  5:43  SCV  
  58  5:46  Marine  
  58  5:47  Marine  
  58  5:48  SCV  
  62  5:51  Marine x2  
  61  6:05  Marine x2  
  50  6:12  Marine x2  
  50  6:14  Missile Turret  
  50  6:17  Missile Turret  
  50  6:18  Missile Turret  
  52  6:21  Marauder  
  52  6:22  Missile Turret  
  54  6:26  Marine x2  
  54  6:29  SCV  
  54  6:30  SCV  
  54  6:49  Marine x4  
  54  6:50  Medivac x2  
  54  6:52  SCV  
  63  6:59  Barracks  
  63  7:01  Barracks  
  63  7:04  SCV x2  
  63  7:05  Barracks  
  65  7:12  Marine x2  
  65  7:13  Marine  
  68  7:16  SCV x2, Command Center  
  70  7:23  Armory  
  70  7:28  Marine  
  73  7:30  Marine x3, Marauder  
  73  7:33  SCV  
  77  7:45  Marine  
  77  7:50  Barracks Reactor x2  
  81  7:54  Command Center  
  80  7:59  Barracks Tech Lab  
Show
View Real Time Build Order
Export as new Build Order

Ascarecroww Zerg - Winner!

Build Orders: Pool First 

Get SALT Encoding   

  12  0:01  Drone  
  13  0:12  Overlord  
  13  0:18  Drone  
  14  0:31  Drone  
  14  0:32  Drone  
  16  0:35  Drone  
  17  0:45  Spawning Pool  
  17  0:48  Drone  
  17  0:57  Drone  
  18  1:11  Hatchery  
  17  1:12  Extractor  
  17  1:15  Drone  
  17  1:19  Drone  
  18  1:28  Drone  
  19  1:37  Roach Warren  
  18  1:41  Queen  
  18  1:45  Zergling x2  
  21  1:50  Drone  
  22  2:00  Overlord  
  22  2:18  Queen  
  28  2:22  Roach  
  28  2:23  Roach  
  28  2:24  Roach  
  30  2:37  Overlord  
  30  2:38  Queen, Drone  
  33  2:56  Drone  
  33  2:57  Drone x2  
  36  2:58  Lair  
  36  3:02  Overlord  
  36  3:15  Overlord  
  36  3:20  Drone x4  
  40  3:32  Drone  
  40  3:33  Drone x4  
  44  3:47  Roach  
  44  3:49  Drone  
  44  3:50  Drone x5  
  48  3:58  Ravager  
  49  4:07  Drone  
  49  4:08  Drone x2  
  49  4:13  Extractor  
  49  4:14  Extractor  
  47  4:17  Extractor  
  47  4:19  Drone x2  
  47  4:20  Spire  
  47  4:23  Drone x2  
  49  4:25  Drone  
  49  4:26  Overlord x2  
  49  4:27  Drone x2  
  49  4:29  Overlord  
  52  4:40  Overlord  
  52  4:49  Queen, Drone x2  
  56  4:54  Queen  
  56  4:59  Hatchery  
  57  5:01  Drone x3  
  57  5:02  Drone  
  61  5:18  Overlord  
  61  5:20  Evolution Chamber  
  60  5:21  Overlord  
  60  5:22  Evolution Chamber  
  59  5:32  Mutalisk  
  59  5:33  Mutalisk x4  
  59  5:34  Mutalisk  
  71  5:38  Drone  
  71  5:39  Drone x2  
  74  5:44  Roach  
  74  5:49  Roach x2  
  80  5:52  Zerg Ground Armor Level 1  
  72  6:13  Drone x8  
  72  6:14  Drone  
  72  6:18  Queen  
  83  6:22  Drone  
  83  6:23  Drone x2  
  86  6:28  Glial Reconstitution  
  86  6:32  Drone  
  87  6:50  Drone x4  
  87  6:51  Drone x4  
  95  6:56  Extractor  
  95  6:58  Extractor  
  93  7:08  Overlord x3  
  93  7:14  Overlord  
  93  7:15  Overlord x2  
  93  7:23  Hydralisk Den  
  93  7:24  Roach x3  
  93  7:26  Hatchery  
  97  7:30  Roach  
  97  7:31  Roach x9  
  97  7:34  Ravager x3  
  120  7:41  Roach x5  
Tags
 
Matchup
TvZ
Opening
Pool First
Spawn Locations
Cross Positions
Add a new tag
Caveats
  • Supply blocks, unpowered buildings, or Contaminate may cause inaccurate times.
  • Supply counts are checked every 10 seconds.